 Dungeon Crawl Stone Soup version 0.28-a0-1080-g05a166d0ed (webtiles) character file.

Game seed: 6268707596208754803

47 Armakuni the Shield-Bearer (level 3, 0/23 HPs)
             Began as a Deep Elf Fighter on Dec 9, 2021.
             Succumbed to an adder's poison
             ... on level 2 of the Dungeon.
             The game lasted 00:02:59 (1567 turns).

Armakuni the Shield-Bearer (Deep Elf Fighter)       Turns: 1567, Time: 00:03:00

Health: 0/23       AC:  5    Str: 15    XL:     3   Next: 48%
Magic:  5/5        EV: 10    Int: 12    God:
Gold:   55         SH:  5    Dex: 14    Spells: 2/2 levels left

rFire   . . .      SeeInvis .   a - +0 rapier
rCold   . . .      Faith    .   c - +0 buckler
rNeg    . . .      Spirit   .   g - +0 ring mail
rPois   .          Reflect  .   (no helmet)
rElec   .          Harm     .   (no cloak)
rCorr   .          Rampage  .   (no gloves)
Will    .....                   (no boots)
Stlth   +.........              (no amulet)
HPRegen 0.07/turn               (no ring)
MPRegen 0.09/turn               (no ring)

@: mighty, lethally poisoned (0 -> -3)
A: no striking features
a: no special abilities


You were on level 2 of the Dungeon.
You visited 1 branch of the dungeon, and saw 3 of its levels.

You collected 55 gold pieces.

Inventory:

Hand Weapons
 a - a +0 rapier (weapon)
 b - a +1 dagger of venom
 e - a +0 quarterstaff
Armour
 c - a +0 buckler (worn)
 f - a +0 scale mail
 g - a +0 ring mail (worn)


   Skills:
 + Level 3.1 Fighting
 - Level 2.0 Short Blades
 - Level 2.4 Armour
 - Level 0.2 Dodging
 - Level 0.3 Stealth
 + Level 3.1 Shields


You had 2 spell levels left.
You didn't know any spells.
Your spell library was empty.

Dungeon Overview and Level Annotations

Branches:
Dungeon (3/15)

Altars:

Shops:
D:1 (


Message History

No target in view!
HP restored.
Things that are here:
a +0 club; a goblin corpse
Found a dagger.
Found an escape hatch in the ceiling.
You aren't carrying any pieces of jewellery.
An adder comes into view.
The adder hisses angrily.
You aren't carrying any items that you can evoke.
Search for what [? for help]? throw You barely miss the adder.
The adder bites you.
You are poisoned.
The adder poisons you!
You closely miss the adder.
You feel sick. The adder bites you.
You are more poisoned.
The adder poisons you! You block the adder's attack.
You closely miss the adder.
You feel very sick. The adder misses you.
You barely miss the adder.
You feel sick. The adder bites you.
You are lethally poisoned!
The adder poisons you! The adder completely misses you.
You feel very mighty all of a sudden.
You feel sick. You block the adder's attack.
You puncture the adder!
The adder is almost dead.
* * * LOW HITPOINT WARNING * * *
You feel very sick. The adder closely misses you. The adder misses you.
You miss the adder.
The adder is almost dead.
* * * LOW HITPOINT WARNING * * *
You feel sick. The adder bites you but does no damage.
You closely miss the adder.
The adder is almost dead.
* * * LOW HITPOINT WARNING * * *
You feel sick. The adder barely misses you.
You closely miss the adder.
The adder is almost dead.
You die...

#####...##. ......#
....#####.. .....#
............
....##............
.######...##............
........................
........................
........................
......S@................
...................)....
.......<..............#.
......................#.
.............##....####.
.............##....# #.
#............##....# #.
#............##....# ##
.....)....##....#


You could see an adder.

Vanquished Creatures
  2 adders (D:2)
  3 bats (D:1)
  3 endoplasms
  A giant cockroach (D:1)
  5 goblins
  4 hobgoblins
  A kobold (D:1)
  2 quokkas (D:1)
  2 ball pythons (D:2)
  3 frilled lizards
  2 rats
28 creatures vanquished.

Notes
Turn   | Place    | Note
-------+----------+-------------------------------------------
     0 | D:1      | Armakuni the Deep Elf Fighter began the quest for the Orb.
     0 | D:1      | Reached XP level 1. HP: 13/13 MP: 3/3
   236 | D:1      | Reached XP level 2. HP: 11/18 MP: 4/4
   392 | D:1      | Found Etoeff's Weapon Emporium.
   581 | D:1      | Found a faded altar of an unknown god.
  1060 | D:2      | Reached XP level 3. HP: 15/23 MP: 5/5
  1398 | D:2      | You fall into a shaft and drop 1 floor!
  1566 | D:2      | HP: 1/23 [poisoned by an adder]
  1567 | D:2      | Succumbed to an adder's poison

Illustrated notes

Levels and vault maps discovered:
D:1:      dpeg_arrival_simpleton_c, layout_loops_ring, serial_shops,
          nicolae_shop_bloodbath_and_beyond,
          shapermc_ecumenical_altar_notcrosses
D:2:      layout_basic, chequers_serial_rivers_room_a
D:3:      layout_loops_cross, serial_park_tiny_pond

Skill      XL: |  1  2 |
---------------+-------+-----
Fighting       | 3 |  3.1
Shields        | 3 |  3.1
Short Blades   | |  2.0
Armour         | |  2.4
Dodging        | |  0.2
Stealth        | |  0.3

Action                   || total
-------------------------++-------
Melee: Rapier            ||    85
       Dagger            ||    13
  Use: Potion            ||     2
       Scroll            ||     1
Armor: Scale mail        ||    50
       Ring mail         ||     1
Dodge: Dodged            ||    49
Block: Buckler           ||    24

Table legend: (Time is in decaauts)
 A = Elapsed time spent in this place.
 B = Non-inter-level travel time spent in this place.
 C = Inter-level travel time spent in this place.
 D = Time resting spent in this place.
 E = Time spent auto-exploring this place.
 F = Levels seen in this place.
 G = Mean time per level.
                   A        B        C        D        E       F      G
               +--------+--------+--------+--------+--------+-----+--------+
         Total |   1576 |   1576 |      0 |    273 |    948 |   3 |  525.3 |
       Dungeon |   1576 |   1576 |      0 |    273 |    948 |   3 |  525.3 |
               +--------+--------+--------+--------+--------+-----+--------+

Top non-repeatable levels by time:
     D:1: 1022 daAuts
     D:2: 492 daAuts
     D:3: 61 daAuts
